 Dungeon Crawl Stone Soup version 0.27-a0-1202-ge72e49191c (webtiles) character file.

Game seed: 3010199507620011032

107 Morbidden the Conjurer (level 4, -5/31 HPs)
             Began as a Demonspawn Conjurer on June 4, 2021.
             Was an Initiate of Cheibriados.
             Slain by Grinder (6 damage)
             ... on level 4 of the Dungeon.
             The game lasted 00:04:16 (3987 turns).

Morbidden the Conjurer (Demonspawn Conjurer)        Turns: 3987, Time: 00:04:17

Health: -5/31      AC:  4    Str:  8    XL:     4   Next: 57%
Magic:  2/7        EV: 16    Int: 22    God:    Cheibriados [......]
Gold:   109        SH:  0    Dex: 12    Spells: 4/7 levels left

rFire    . . .     SeeInvis +   l - +0 broad axe
rCold    . . .     Faith    .   (no shield)
rNeg     . . .     Spirit   .   a - +0 robe
rPois    .         Reflect  .   (no helmet)
rElec    .         Harm     .   (no cloak)
rCorr    .         Rampage  .   d - +1 pair of gloves
Will     .....                  (no boots)
Stlth    ++........             (no amulet)
HPRegen  0.10/turn              n - ring of see invisible
MPRegen  0.10/turn              f - +4 ring of evasion

@: mighty, slow
A: claws 1, sturdy frame 1
a: Renounce Religion, Bend Time


You were on level 4 of the Dungeon.
You worshipped Cheibriados.
Cheibriados was noncommittal.
You visited 2 branches of the dungeon, and saw 5 of its levels.

You collected 109 gold pieces.

Inventory:

Hand Weapons
 l - a +0 broad axe (weapon)
Missiles
 c - 6 silver javelins
Armour
 a - a +0 robe (worn)
 d - a +1 pair of gloves (worn)
Jewellery
 f - a +4 ring of evasion (right hand)
 n - a ring of see invisible (left hand)
Scrolls
 g - a scroll of enchant weapon
 i - a scroll of silence {unknown}
 j - 2 scrolls of amnesia
 k - a scroll of vulnerability {unknown}
 m - a scroll of blinking {unknown}
Potions
 b - a potion of might
 e - a potion of curing


   Skills:
 * Level 0.4 Fighting
 + Level 1.8 Dodging
 + Level 2.0 Stealth
 * Level 2.4 Spellcasting
 * Level 5.2 Conjurations
 * Level 2.0 Invocations


You had 4 spell levels left.
You knew the following spells:

 Your Spells              Type           Power      Damage    Failure   Level
a - Magic Dart            Conj           100%       1d8       1%          1
b - Searing Ray           Conj           50%        3d5       2%          2

Your spell library contained the following spells:

 Spells                   Type           Power      Damage    Failure   Level
 Corona                   Hex            2%         N/A       13%         1
 Conjure Flame            Conj/Fire      14%        6-21      13%         3
 Dazzling Flash           Conj/Hex       28%        N/A       13%         3
 Mephitic Cloud           Conj/Pois/Air  10%        N/A       19%         3
 Blink                    Tloc           N/A        N/A       21%         2
 Call Imp                 Summ           2%         N/A       21%         2
 Ensorcelled Hibernation  Hex/Ice        4%         N/A       21%         2
 Slow                     Hex            2%         N/A       21%         2
 Confusing Touch          Hex            2%         N/A       36%         3
 Tukima's Dance           Hex            2%         N/A       36%         3
 Fulminant Prism          Conj/Hex       7%         3d7       41%         4
 Iskenderun's Mystic Bla  Conj/Tloc      14%        2d5       41%         4


Dungeon Overview and Level Annotations

Branches:
Dungeon (4/15)             Temple (1/1) D:4

Altars:
Ashenzari
Cheibriados
Dithmenos
Elyvilon
Fedhas
Gozag
Hepliaklqana
Kikubaaqudgha
Makhleb
Nemelex Xobeh
Okawaru
Qazlal
Ru
Sif Muna
Trog
Uskayaw
Vehumet
Wu Jian
Xom
Yredelemnul
Zin

Shops:
D:1 [

Annotations:
D:3 Terence
D:4 Grinder


Innate Abilities, Weirdness & Mutations

You have sharp fingernails.
Your movements are slightly less encumbered by armour. (ER -2)


Message History

You aren't carrying any items that you can evoke.
Unknown command.
You feel better.
Unknown command.
Unknown command.
Unknown command.
Unknown command.
Grinder blinks!
You see here 12 gold pieces.
Unknown command.
Grinder gestures at you.
You barely resist. Grinder gestures at you. Pain shoots through your body!
Unknown command.
Unknown command.
Unknown command.
Unknown command.
Unknown command.
Grinder gestures at you.
You suddenly lose the ability to move!
Grinder blinks!
You can move again.
Unknown command.
Unknown command.
You closely miss Grinder.
Grinder is severely wounded.
Grinder gestures at you.
You barely resist.
Unknown command.
Unknown command.
You hit Grinder.
Grinder is severely wounded.
Grinder gestures at you. Pain shoots through your body!
* * * LOW HITPOINT WARNING * * *
Grinder hits you.
* * * LOW HITPOINT WARNING * * *
You writhe in agony.
You die...

.##..# ....# ### . #
#...####.....
.....#.#............
...[....#...#.......
......#........ ..#
......#.#....# ...#
.h..........5##(..#
.........##$@.....#
.........#........#
.>.......#...........
...........8.........
#.......##...........
..#.#..#....##.8...##...#
#......#.....#.....# #.##
#.............###### ##
............###


You could see Grinder.

Vanquished Creatures
  A jelly (D:3)
  An iguana (D:4)
  An adder (D:3)
  A worm (D:2)
  2 dart slugs
  4 endoplasms
  2 giant cockroaches (D:3)
  4 goblins
  3 hobgoblins
  2 jackals (D:3)
  2 quokkas
  A ball python (D:4)
  2 bats
  A frilled lizard (D:1)
  6 kobolds
  2 rats
35 creatures vanquished.

Notes
Turn   | Place    | Note
-------+----------+-------------------------------------------
     0 | D:1      | Morbidden the Demonspawn Conjurer began the quest for the
                  | Orb.
     0 | D:1      | Reached XP level 1. HP: 13/13 MP: 3/3
    97 | D:1      | Found Neat's Armour Shop.
   329 | D:1      | Gained mutation: Your movements are slightly less
                  | encumbered by armour. (ER -2) [demonic ancestry]
   329 | D:1      | Reached XP level 2. HP: 19/19 MP: 1/5
   470 | D:1      | Found a faded altar of an unknown god.
   921 | D:1      | Learned a level 2 spell: Searing Ray
  2417 | D:3      | Reached XP level 3. HP: 24/24 MP: 3/6
  2515 | D:3      | Reached skill level 5 in Conjurations
  2515 | D:3      | Gained mutation: You have sharp fingernails. [demonic
                  | ancestry]
  2515 | D:3      | Reached XP level 4. HP: 31/31 MP: 1/7
  3297 | D:3      | Noticed Terence
  3338 | D:4      | Noticed a black bear
  3368 | D:4      | Found a staircase to the Ecumenical Temple.
  3377 | Temple   | Entered the Ecumenical Temple
  3657 | Temple   | Became a worshipper of Cheibriados the Contemplative
  3958 | D:4      | Noticed Grinder
  3970 | D:4      | Paralysed by Grinder for 5 turns
  3981 | D:4      | Paralysed by Grinder for 5 turns
  3987 | D:4      | HP: 1/31 [Grinder (3)]
  3987 | D:4      | Slain by Grinder

Illustrated notes

Levels and vault maps discovered:
D:1:      minmay_arrival_shattered_statue, layout_basic,
          chequers_ecumenical_altar_island, serial_shops, shop_fountains
D:2:      layout_basic
D:3:      minmay_evil_eye, layout_basic, chequers_serial_rivers_room_a,
          kennysheep_donut, uniq_terence
D:4:      layout_cave_pools, minmay_temple_entry_junction_2,
          serial_column_ruins, column_ruins_hut, column_ruins_corridor_corner,
          column_ruins_open_tiny, column_ruins_grid_1, column_ruins_open_small,
          column_ruins_columns_corner, column_ruins_grid_2,
          minmay_misc_feat_chi, uniq_grinder
Temple:   roderic_octagonal_lattice_temple

Skill      XL: |  1  2  3  4 |
---------------+-------------+-----
Stealth        | 2 |  2.0
Conjurations   | 5 |  5.2
Invocations    | 2 |  2.0
Fighting       | |  0.4
Dodging        | |  1.8
Spellcasting   | |  2.4

Action                   |  1- 3 |  4- 6 || total
-------------------------+-------+-------++-------
Melee: Broad axe         |       |     3 ||     3
 Cast: Magic Dart        |    53 |    25 ||    78
       Searing Ray       |     2 |     4 ||     6
  Use: Scroll            |       |     3 ||     3
       Potion            |       |     2 ||     2
Armor: Robe              |     1 |     2 ||     3
Dodge: Dodged            |     3 |     4 ||     7

Table legend: (Time is in decaauts)
 A = Elapsed time spent in this place.
 B = Non-inter-level travel time spent in this place.
 C = Inter-level travel time spent in this place.
 D = Time resting spent in this place.
 E = Time spent auto-exploring this place.
 F = Levels seen in this place.
 G = Mean time per level.
                   A        B        C        D        E       F      G
               +--------+--------+--------+--------+--------+-----+--------+
         Total |   4030 |   3805 |    225 |    388 |   3039 |   5 |  806.0 |
       Dungeon |   3720 |   3523 |    197 |    388 |   2764 |   4 |  930.0 |
        Temple |    309 |    282 |     27 |      0 |    275 |   1 |  309.0 |
               +--------+--------+--------+--------+--------+-----+--------+

Top non-repeatable levels by time:
     D:1: 1199 daAuts
     D:3: 1117 daAuts
     D:2: 1025 daAuts
     D:4: 377 daAuts
  Temple: 309 daAuts
